Map: 프리온 단구

Players

Pouilleux

  • Race: Zerg Zerg

TOP - Winner!

  • Race: Terran Terran

Event: Gauntlet LotV Series 1 Qualifier 1

VOD

Have the link to the VOD?

Description

Time

  • Played on: Nov. 22, 2015, 3:38 p.m.
  • Length: 12:35

All games in this series

Show
View Real Time Build Order
Export as new Build Order

Pouilleux Zerg 

Build Orders: Hatch First 

Get SALT Encoding   

  12  0:01  Drone  
  13  0:12  Overlord  
  13  0:17  Drone  
  14  0:32  Drone x2  
  16  0:40  Drone  
  17  0:53  Hatchery  
  17  0:56  Drone  
  17  1:10  Spawning Pool  
  16  1:12  Drone  
  16  1:15  Extractor  
  16  1:18  Drone  
  16  1:21  Drone  
  18  1:29  Drone  
  19  1:40  Overlord  
  19  1:51  Drone  
  20  1:59  Queen  
  22  2:03  Zergling x2  
  22  2:05  Queen  
  22  2:07  Zergling x2  
  26  2:12  Drone  
  27  2:18  Drone  
  29  2:22  Drone  
  29  2:27  Roach Warren  
  28  2:33  Drone  
  28  2:34  Drone  
  30  2:40  Overlord  
  30  2:44  Drone  
  31  2:51  Overlord  
  31  3:10  Roach x3  
  31  3:11  Roach  
  39  3:16  Roach  
  39  3:17  Roach x3  
  49  3:20  Roach x2  
  49  3:22  Overlord  
  55  3:41  Roach x2  
  55  3:42  Overlord x2  
  53  3:49  Drone x2  
  53  3:50  Drone  
  53  3:52  Roach  
  58  3:56  Drone x2  
  58  4:01  Extractor  
  59  4:03  Drone x2  
  59  4:04  Drone  
  59  4:06  Drone  
  63  4:25  Drone x2  
  63  4:26  Drone  
  64  4:36  Drone x6  
  53  4:48  Drone x2  
  48  4:53  Extractor  
  48  4:57  Queen  
  49  5:01  Roach x2  
  49  5:03  Hatchery, Extractor  
  49  5:05  Metabolic Boost  
  51  5:09  Roach x2  
  55  5:16  Hatchery  
  55  5:19  Queen  
  56  5:22  Roach x2  
  56  5:23  Roach x2  
  56  5:24  Zergling x2  
  56  5:27  Drone x2  
  56  5:28  Overlord  
  67  5:32  Roach  
  67  5:33  Roach  
  71  5:43  Roach x2  
  74  5:53  Roach  
  74  5:54  Roach x3  
  74  5:55  Roach x2  
  74  5:56  Queen  
  82  6:02  Roach x2  
  76  6:12  Roach x2  
  76  6:17  Roach x2  
  76  6:18  Queen  
  82  6:21  Roach  
  84  6:26  Roach x3  
  90  6:36  Roach x3  
  90  6:37  Roach x2  
  92  6:57  Drone x4  
  92  6:59  Lair, Overlord x2  
  92  7:00  Overlord  
  92  7:01  Overlord  
  90  7:23  Roach  
  90  7:24  Roach x11  
  114  7:33  Drone x3  
  114  7:34  Queen  
  114  7:36  Ravager x2  
  114  7:37  Ravager x2  
  123  7:40  Zergling x6  
  123  7:43  Overlord  
  126  7:50  Zergling x4  
  128  7:56  Overlord x3  
  128  7:58  Glial Reconstitution  
  128  8:05  Zergling x6  
  126  8:06  Zergling x6  
  126  8:08  Drone  
  126  8:09  Drone  
  132  8:15  Drone  
  132  8:16  Drone x3  
  136  8:21  Drone x3  
  139  8:28  Ravager x4  
  139  8:30  Roach  
  139  8:31  Roach  
  139  8:33  Overlord  
  147  8:42  Zergling x12  
  153  8:50  Roach x4  
  153  8:54  Zergling x6  
  153  8:55  Zergling x2  
  159  9:19  Roach x4  
  144  9:31  Roach  
  144  9:32  Roach x7  
  144  9:33  Roach  
  144  9:34  Zergling x8  
  144  9:35  Zergling x6  
  165  9:40  Roach  
  165  9:43  Roach  
  152  9:51  Zergling x8  
  152  9:52  Zergling x2  
  151  9:59  Roach x6  
  137  10:00  Roach  
  137  10:01  Ravager x2  
  137  10:02  Ravager  
  137  10:03  Ravager  
  137  10:04  Ravager  
  137  10:05  Ravager  
  137  10:16  Roach  
  137  10:17  Roach x5  
  150  10:21  Drone x3  
  152  10:32  Roach  
  152  10:33  Roach x4  
  162  10:41  Ravager x2  
  162  10:42  Overlord x3  
  164  10:54  Roach x2  
  167  11:06  Roach x5  
  176  11:16  Overlord x3  
  176  11:17  Overlord  
  155  11:34  Roach x4  
  155  11:35  Roach  
  136  11:46  Roach x6  
  127  11:52  Roach x2  
  126  11:59  Roach  
  116  12:02  Roach  
  108  12:11  Roach  
Show
View Real Time Build Order
Export as new Build Order

TOP Terran - Winner!

Build Orders: Reaper Expand, Bio Tank 

Get SALT Encoding   

  12  0:01  SCV  
  13  0:13  SCV  
  14  0:18  Supply Depot  
  14  0:25  SCV  
  15  0:39  SCV  
  15  0:41  Barracks  
  16  0:45  Refinery  
  16  0:52  SCV  
  17  1:04  SCV  
  18  1:16  SCV  
  19  1:29  Orbital Command  
  19  1:31  Reaper  
  20  1:40  Command Center  
  20  1:49  Supply Depot  
  20  1:55  SCV  
  21  2:03  Barracks Reactor  
  21  2:07  SCV  
  22  2:20  Command Center  
  22  2:23  SCV  
  23  2:33  Factory  
  23  2:41  Marine x2  
  23  2:42  SCV  
  26  2:51  Refinery  
  26  2:52  Orbital Command  
  26  2:59  Marine x2  
  26  3:01  SCV  
  29  3:16  SCV  
  29  3:18  Starport  
  30  3:21  SCV  
  30  3:27  Hellion x2  
  35  3:28  SCV  
  36  3:34  Barracks Tech Lab  
  36  3:38  Orbital Command  
  35  3:51  SCV x2  
  37  3:57  Bunker, Medivac  
  37  4:00  Siege Tank  
  37  4:01  Marine x2  
  44  4:04  SCV x3  
  46  4:19  Marine x2  
  44  4:32  Siege Tank  
  44  4:36  Marine x2  
  48  4:38  Orbital Command  
  47  4:48  SCV  
  48  4:54  Medivac, Marine x2  
  48  4:57  Orbital Command  
  51  5:00  SCV, Barracks  
  51  5:02  Barracks  
  52  5:07  Supply Depot  
  52  5:08  Supply Depot  
  52  5:12  Marine  
  53  5:28  Marine  
  53  5:29  SCV x3, Medivac  
  53  5:31  Supply Depot  
  53  5:33  Supply Depot  
  59  5:35  Marine  
  59  5:41  SCV x3  
  63  5:46  Marine  
  62  5:54  Marine  
  62  5:56  Barracks Tech Lab x2  
  60  6:04  Marine  
  54  6:12  Marine  
  54  6:16  Combat Shields, Marine x2  
  54  6:17  Stimpack  
  57  6:19  Barracks, Starport Reactor  
  57  6:20  Engineering Bay, Barracks  
  57  6:21  SCV x2  
  57  6:22  SCV, Engineering Bay, Marine  
  57  6:25  Refinery x2  
  61  6:26  Siege Tank  
  61  6:30  Refinery, Marine  
  65  6:33  SCV, Marine x2  
  65  6:34  SCV x2  
  70  6:40  Marine  
  70  6:46  SCV  
  72  6:47  Marine  
  72  6:48  Supply Depot  
  72  6:49  Supply Depot  
  72  6:51  Marine x2  
  72  6:53  SCV x2  
  77  6:57  Marine  
  77  6:59  Siege Tank  
  81  7:04  Supply Depot  
  81  7:05  Marine  
  82  7:10  Marauder x2  
  82  7:15  Marine  
  86  7:16  Supply Depot x2  
  86  7:17  Terran Infantry Weapons Level 1  
  86  7:19  Barracks Reactor  
  86  7:20  Barracks Reactor  
  87  7:25  Marine  
  87  7:26  SCV  
  87  7:27  SCV x2  
  88  7:30  Marine  
  88  7:31  Marauder  
  88  7:33  Marine  
  88  7:36  Siege Tank, Medivac  
  97  7:40  SCV x2  
  97  7:43  Marine  
  100  7:46  Supply Depot  
  100  7:48  Marine  
  100  7:50  Medivac  
  100  7:51  Marine  
  103  7:52  Marauder  
  103  7:55  SCV  
  103  7:56  SCV x2  
  103  7:57  Supply Depot, Terran Infantry Armor Level 1  
  109  7:58  Supply Depot  
  109  8:01  Marine x4  
  109  8:02  Marine  
  114  8:06  Marine  
  114  8:08  SCV  
  114  8:09  Siege Tank  
  114  8:11  SCV x2  
  121  8:13  Refinery  
  121  8:14  Marauder  
  121  8:16  Supply Depot  
  123  8:20  SCV  
  123  8:22  Supply Depot  
  123  8:23  SCV  
  123  8:24  SCV, Marine x2  
  123  8:25  Supply Depot  
  128  8:33  Marauder, Marine x2  
  132  8:35  Concussive Shells, Marauder  
  132  8:39  Marine x2  
  136  8:41  Siege Tank  
  136  8:42  SCV x2  
  136  8:43  Factory  
  136  8:44  SCV  
  142  8:54  Marauder  
  143  9:04  Marauder, Marine x4  
  143  9:05  Marine x2  
  151  9:10  Supply Depot  
  151  9:11  Armory  
  151  9:14  Siege Tank  
  151  9:16  Marauder  
  154  9:21  Marine  
  154  9:22  Marine x3  
  154  9:26  Marauder  
  134  9:35  Marine x2  
  134  9:36  Medivac  
  134  9:37  Marauder  
  134  9:44  Marine x2  
  83  9:45  Medivac  
  124  9:46  Siege Tank  
  124  9:47  Marauder, Marine x2  
  128  9:56  Marine x2  
  128  9:57  Factory Tech Lab  
  128  9:58  Marauder  
  128  9:59  Barracks  
  128  10:01  Barracks  
  128  10:02  Marine x2  
  128  10:03  Barracks  
  128  10:06  Terran Infantry Weapons Level 2, Medivac  
  132  10:10  Terran Infantry Armor Level 2  
  132  10:11  Marine x2  
  136  10:16  Marine x2  
  136  10:18  Siege Tank  
  136  10:20  Marine x2  
  143  10:24  Marauder  
  143  10:27  Command Center, Siege Tank  
  146  10:32  Marine  
  146  10:33  Marauder  
  149  10:42  Marine x2  
  149  10:45  Marauder  
  149  10:46  Marine x2  
  149  10:48  Barracks Tech Lab  
  149  10:49  Barracks Reactor  
  155  10:53  Marine x2  
  155  10:55  Marauder  
  155  10:56  Barracks Tech Lab  
  159  11:00  Marine  
  159  11:03  Marine  
  161  11:07  Marauder  
  161  11:08  Marine x2  
  164  11:15  Marauder, Marine x2  
  164  11:16  Marauder x2  
  172  11:20  Supply Depot  
  160  11:26  Marine  
  160  11:27  Marine x3  
  160  11:28  Marauder  
  165  11:34  Marine  
  165  11:37  Marauder  
  156  11:45  Marauder, Siege Tank, Marine  
  138  11:47  Marine x2  
  138  11:49  Marauder x2, Marine x2  
  143  11:56  Marine x2  
  143  11:57  Marine  
  143  11:58  Marine  
  143  12:02  Marine  
  143  12:05  Medivac x2, Marine x2  
  143  12:06  Marine x2  
  143  12:07  Marine  
  155  12:15  Marine x4  
Tags
 
Add a new tag
Caveats
  • Supply blocks, unpowered buildings, or Contaminate may cause inaccurate times.
  • Supply counts are checked every 10 seconds.